 Dungeon Crawl Stone Soup version 0.28.0-62-gf88900778d (webtiles) character file.

Game seed: 17156136597790082504

12403 jjjjhere the Carver (level 11, 0/148 HPs)
             Began as a Barachi Fighter on Mar 13, 2023.
             Was a High Priest of Trog.
             Slain by an eight-headed hydra (8 damage)
             ... on level 8 of the Dungeon.
             The game lasted 00:23:32 (16799 turns).

jjjjhere the Carver (Barachi Fighter)              Turns: 16799, Time: 00:23:33

Health: 0/148      AC: 19    Str: 21    XL:     11   Next: 92%
Magic:  11/11      EV:  6    Int:  9    God:    Trog [*****.]
Gold:   411        SH:  5    Dex: 12    Spells: 10/10 levels left

rFire   + . .      SeeInvis .   L - +1 short sword (elec)
rCold   . . .      Faith    .   c - +0 buckler
rNeg    . . .      Spirit   .   h - +0 plate armour
rPois   +          Reflect  .   (no helmet)
rElec   .          Harm     .   M - +1 cloak {rPois}
rCorr   .          Rampage  .   C - +1 pair of gloves
Will    .....                   (no boots)
Stlth   ..........              (no amulet)
HPRegen 0.34/turn               l - ring of protection from fire
MPRegen 0.12/turn               (no ring)

@: berserking, invisible, quick
A: amphibious, slowness 1, strong legs 1, +LOS
a: Hop, Renounce Religion, Berserk, Trog's Hand, Brothers in Arms


You were on level 8 of the Dungeon.
You worshipped Trog.
Trog was extremely pleased with you.
You visited 2 branches of the dungeon, and saw 10 of its levels.
You also visited: Sewer.

You collected 591 gold pieces.
You spent 180 gold pieces at shops.

Inventory:

Hand Weapons
 a - a +1 long sword of protection
 g - a +0 long sword of draining
 o - the +2 falchion of Pandemonium {vorpal, +Blink rElec Dex+2}
   (You found it on level 9 of the Dungeon)

   It inflicts extra damage upon your enemies.
   Dex:       It affects your dexterity (+2).
   rElec:     It insulates you from electricity.
   +Blink:    It lets you blink.
 r - a +2 flail of holy wrath
 L - a +1 short sword of electrocution (weapon)
Missiles
 e - 8 poisoned darts
 i - 10 javelins
 q - 9 boomerangs (quivered)
 N - 5 datura-tipped darts
Armour
 b - a +0 scale mail
 c - a +0 buckler (worn)
 h - a +0 plate armour (worn)
 C - a +1 pair of gloves (worn)
 M - a +1 cloak of poison resistance (worn)
Jewellery
 l - a ring of protection from fire (left hand)
 u - an amulet of magic regeneration
 v - a ring of protection from fire
Wands
 A - a wand of iceblast (6)
 F - a wand of flame (38)
 J - a wand of digging (2)
Scrolls
 j - 2 scrolls of magic mapping
 k - 8 scrolls of teleportation
 p - 3 scrolls of enchant armour
 x - a scroll of vulnerability
 y - 4 scrolls of fog
 D - 2 scrolls of summoning
 H - 2 scrolls of blinking
Potions
 d - 2 potions of might
 f - 3 potions of flight
 m - a potion of mutation
 n - 8 potions of curing
 s - 2 potions of magic
 t - a potion of ambrosia
 w - 3 potions of lignification
 z - 2 potions of invisibility
 B - a potion of heal wounds


   Skills:
 + Level 13.9 Fighting
 - Level 14.0 Long Blades
 + Level 3.9 Throwing
 + Level 10.1 Armour
 - Level 4.6 Shields


You had 10 spell levels left.
You didn't know any spells.
Your spell library contained the following spells:

 Spells                   Type           Power      Damage    Failure   Level
 Corpse Rot               Necr/Air       0%         N/A       100%        2
 Poisonous Vapours        Pois/Air       0%         N/A       100%        2


Dungeon Overview and Level Annotations

Branches:
Dungeon (9/15)             Temple (0/1) D:5            Lair (1/6) D:8
    Orc (0/2) D:9           Sewer (visited)

Altars:
Ashenzari
Fedhas
Hepliaklqana
Nemelex Xobeh
Okawaru
Qazlal
Ru
Sif Muna
Trog
Wu Jian
Yredelemnul
The Shining One

Shops:
D:7 ?


Innate Abilities, Weirdness & Mutations

You are amphibious.
You cover ground slowly.
You can hop short distances.
You have an extended range of vision and can be seen from far away.


Message History

The eight-headed hydra is moderately wounded.
The eight-headed hydra barely misses you.
The eight-headed hydra bites you!
The eight-headed hydra bites you but does no damage.
The eight-headed hydra bites you.
The eight-headed hydra bites you but does no damage.
The eight-headed hydra bites you.
The eight-headed hydra closely misses you.
The eight-headed hydra bites you but does no damage.
You puncture the eight-headed hydra!
The eight-headed hydra is heavily wounded.
The blink frog barely misses you.
You catch the helpless eight-headed hydra completely off-guard!
You puncture the eight-headed hydra!
The eight-headed hydra is severely wounded.
You block the eight-headed hydra's attack.
The eight-headed hydra barely misses you.
You block the eight-headed hydra's attack.
The eight-headed hydra bites you but does no damage.
The eight-headed hydra bites you! The eight-headed hydra bites you. x2
* * * LOW HITPOINT WARNING * * *
You block the eight-headed hydra's attack.
The blink frog hits you!
* * * LOW HITPOINT WARNING * * *
The blink frog blinks!
You puncture the eight-headed hydra!
The eight-headed hydra is severely wounded.
You barely miss the eight-headed hydra.
The eight-headed hydra is severely wounded.
The eight-headed hydra bites you.
* * * LOW HITPOINT WARNING * * *
The eight-headed hydra bites you.
* * * LOW HITPOINT WARNING * * *
The eight-headed hydra bites you but does no damage. x3
The eight-headed hydra bites you!
* * * LOW HITPOINT WARNING * * *
The eight-headed hydra bites you.
* * * LOW HITPOINT WARNING * * *
The eight-headed hydra bites you!
You die...

### #...#### #.#).## #.......
######...# ##.#...# #.......
#........######...#### #.......
#.#####.....##.....## #####...
#.#.#..#.####.......### #.##
#.#<#..#.#..#.......#.# #.#
#.#)#(.#.#.#..........########'##
..#....#.#.....F.......[...).)..#
.#....##.#.....ยง@......)...(([..#
.#.........#...D.....#..........#
##.#.###.###.........##.........#
...#.# #....#....P..#.#.######.##
####.# ######.......#....# #..#
.)...# ##.....##....# #..#
#############.#...###....## #..#
.............###.#........# #..#
......#####.'###...#...##)## #..#


You could see an eight-headed hydra and a blink frog.

Vanquished Creatures
  A hydra (D:9)
  A boulder beetle (D:9)
  2 two-headed ogres
  An ugly thing (D:9)
  A deep elf pyromancer (D:8)
  A manticore (D:7)
  Maurice (D:8)
  A cane toad (D:8)
  A polar bear (Lair:1)
  3 blink frogs
  19 yaks
  A wraith (D:9)
  2 wargs (D:8)
  6 water moccasins
  2 orc warriors
  2 necrophages
  2 ice beasts
  4 black bears
  An ogre (D:6)
  2 centaurs
  A phantom (D:6)
  2 kobold brigands
  5 bullfrogs
  2 scorpions
  4 killer bees (D:9)
  9 wights
  A bullfrog zombie (D:5)
  3 bullfrog skeletons
  2 hounds
  2 gnoll shamans
  4 orc priests
  4 jellies
  4 centaur skeletons
  Natasha (thrice) (D:2)
  4 iguanas
  8 orc wizards
  3 hound skeletons (D:4)
  2 howler monkey zombies
  15 adders
  12 gnolls
  2 river rats (Sewer)
  3 white imps
  An ufetubus (D:6)
  2 worms (D:3)
  7 dart slugs
  25 orcs
  7 bats
  10 endoplasms
  8 giant cockroaches
  10 goblins
  7 hobgoblins
  2 jackals (D:2)
  6 quokkas
  12 ball pythons
  5 frilled lizards
  19 kobolds
  20 rats
290 creatures vanquished.

Vanquished Creatures (others)
  7 plants
7 creatures vanquished.

Grand Total: 297 creatures vanquished

Notes
Turn   | Place    | Note
-------+----------+-------------------------------------------
     0 | D:1      | jjjjhere the Barachi Fighter began the quest for the Orb.
     0 | D:1      | Reached XP level 1. HP: 18/18 MP: 1/1
   230 | D:1      | Reached XP level 2. HP: 24/25 MP: 2/2
   359 | D:1      | Reached skill level 3 in Long Blades
   840 | D:1      | Reached XP level 3. HP: 30/30 MP: 3/3
  1238 | D:2      | Reached skill level 4 in Long Blades
  1238 | D:2      | Reached XP level 4. HP: 21/37 MP: 4/4
  1379 | D:2      | HP: 12/38 [poisoned by an adder]
  1778 | D:2      | Found a faded altar of an unknown god.
  1790 | D:2      | Noticed Natasha
  1800 | D:2      | Killed Natasha
  1801 | D:2      | Reached XP level 5. HP: 20/43 MP: 5/5
  1965 | D:2      | Prayed at the altar of an unknown god.
  1965 | D:2      | Became a worshipper of Trog the Wrathful
  1965 | D:2      | Reached * piety under Trog
  2106 | D:2      | Found a stormy altar of Qazlal.
  2165 | D:2      | Noticed Natasha
  2182 | D:2      | Killed Natasha
  2397 | D:2      | Noticed Natasha
  2402 | D:2      | Killed Natasha
  2403 | D:2      | Reached skill level 5 in Long Blades
  2846 | D:3      | Found a sacrificial altar of Ru.
  2911 | D:3      | Found a hazy altar of Hepliaklqana.
  2989 | D:3      | Reached ** piety under Trog
  3189 | D:3      | Found an ornate altar of the Wu Jian Council.
  3196 | D:3      | Reached XP level 6. HP: 50/50 MP: 6/6
  3201 | D:3      | Reached skill level 5 in Fighting
  3477 | D:3      | Found a bloodstained altar of Trog.
  3611 | D:4      | Identified the +3 ring mail of a sewer {rF+ Regen+ MP+9
                  | Slay-5}
  3612 | D:4      | Found a glowing drain.
  3638 | Sewer    | Entered a sewer
  3897 | Sewer    | Reached skill level 6 in Long Blades
  3919 | Sewer    | Reached *** piety under Trog
  4234 | Sewer    | Reached XP level 7. HP: 29/57 MP: 7/7
  4236 | Sewer    | HP: 28/85 [constriction (1)]
  4242 | Sewer    | Reached skill level 7 in Long Blades
  5409 | D:4      | Found a broken altar of Ashenzari.
  5742 | D:4      | Reached skill level 8 in Long Blades
  6167 | D:4      | Reached XP level 8. HP: 65/65 MP: 8/8
  6338 | D:4      | Found a blossoming altar of Fedhas.
  6501 | D:4      | Found a glowing golden altar of the Shining One.
  6739 | D:5      | Entered Level 5 of the Dungeon
  6739 | D:5      | Noticed a two-headed ogre
  6774 | D:5      | You fall into a shaft and drop 2 floors!
  6789 | D:7      | Reached skill level 9 in Long Blades
  7270 | D:5      | Killed a two-headed ogre
  7271 | D:5      | Reached skill level 11 in Long Blades
  7271 | D:5      | Reached XP level 9. HP: 60/75 MP: 9/9
  7641 | D:5      | Found a staircase to the Ecumenical Temple.
  7858 | D:5      | Found a basalt altar of Yredelemnul.
  7938 | D:6      | Found a stormy altar of Qazlal.
  8419 | D:6      | Found an iron altar of Okawaru.
  8455 | D:6      | Reached **** piety under Trog
  8708 | D:6      | Reached skill level 12 in Long Blades
  9213 | D:7      | Noticed a manticore
  9418 | D:7      | Killed a manticore
  9419 | D:7      | Reached skill level 13 in Long Blades
  9731 | D:7      | Reached skill level 10 in Fighting
  9731 | D:7      | Reached XP level 10. HP: 77/85 MP: 10/10
  9919 | D:7      | Found Ivvekhlyt's Magic Scroll Boutique.
 10070 | D:7      | Bought a scroll of teleportation for 30 gold pieces
 10070 | D:7      | Bought 2 scrolls of blinking for 150 gold pieces
 10463 | D:7      | Noticed a gargoyle
 11151 | D:8      | Reached skill level 14 in Long Blades
 11179 | D:8      | Found a staircase to the Lair.
 11703 | D:8      | Reached ***** piety under Trog
 11859 | D:8      | Noticed Maurice
 11872 | D:8      | Killed Maurice
 11873 | D:8      | Reached skill level 5 in Armour
 12669 | Lair:1   | Entered Level 1 of the Lair of Beasts
 13157 | Lair:1   | Noticed a cane toad
 13184 | D:8      | Reached XP level 11. HP: 41/95 MP: 11/11
 13197 | D:8      | HP: 23/95 [yak (13)]
 13790 | D:8      | HP: 30/96 [yak (11)]
 14924 | Lair:1   | Noticed an eight-headed hydra
 15152 | D:9      | Reached skill level 1 in Throwing
 15453 | D:9      | Found a staircase to the Orcish Mines.
 15458 | D:9      | Noticed a boulder beetle
 15479 | D:9      | Killed a boulder beetle
 15509 | D:9      | Noticed a deep elf pyromancer
 15509 | D:9      | Noticed a five-headed hydra
 15509 | D:9      | Noticed a red ugly thing
 15711 | D:8      | Killed a deep elf pyromancer
 15973 | D:9      | Killed a red ugly thing
 16159 | D:9      | Killed a five-headed hydra
 16235 | D:9      | Identified the +2 falchion of Pandemonium {vorpal, +Blink
                  | rElec Dex+2}
 16251 | D:9      | Identified the -6 tower shield of Vischut {*Corrode rPois
                  | Str+2}
 16268 | D:9      | Found a sparkling altar of Nemelex Xobeh.
 16281 | D:9      | Noticed a two-headed ogre
 16304 | D:9      | Killed a two-headed ogre
 16305 | D:9      | Reached skill level 10 in Armour
 16591 | D:9      | Found a shimmering blue altar of Sif Muna.
 16797 | D:8      | HP: 45/148 [eight-headed hydra (5)]
 16799 | D:8      | HP: 19/148 [eight-headed hydra (5)]
 16799 | D:8      | HP: 8/148 [eight-headed hydra (4)]
 16799 | D:8      | Slain by an eight-headed hydra

Illustrated notes

Levels and vault maps discovered:
D:1:      ncdulo_watergridlock, layout_rooms, serial_aquarium,
          aquarium_bridge_square [aquarium_subvault_wall,
          aquarium_subvault_bridge, aquarium_subvault_bridge,
          aquarium_subvault_wall], aquarium_bridge_straight
          [aquarium_subvault_bridge, aquarium_subvault_wall,
          aquarium_subvault_bridge, aquarium_subvault_balcony],
          aquarium_window_3, aquarium_window_1, aquarium_window_2,
          aquarium_window_2, aquarium_view_2d, aquarium_view_2b,
          aquarium_pool_side
D:2:      layout_basic, hellmonk_ecumenical_altar_dog_temple, basic_altar,
          grunt_decor_arrowhead, uniq_natasha
D:3:      layout_basic, nicolae_ru_sacrificial_ziggurat,
          mainiacjoe_overflow_surrounded_room,
          mainiacjoe_overflow_small_starburst, kennysheep_flooded_box
D:4:      layout_layer_cave, lemuel_coloured_pillars_altar, old_standard_altar,
          nicolae_ashenzari_skybound, portal_sewer_entry_f
D:5:      layout_rooms, kennysheep_little_box, minmay_temple_entry_stoned_glass,
          minmay_misc_feat_tower
D:6:      layout_cave_pods, general_overflow_altar, okawaru_metal_pillars_1_2
D:7:      layout_loops_ring, serial_shops, nicolae_square_shop, serial_bayou,
          serial_bayou_pond_e, serial_bayou_crossing, serial_bayou_pond_a,
          serial_bayou_pond_c, minmay_misc_feat_tiny, lightli_corner_chamber
D:8:      layout_basic, erik_lair_orcish_takeover, uniq_maurice
D:9:      layout_roguey, kennysheep_orc_sif_temple,
          mainiacjoe_overflow_tiny_flanked, orc_0_dummy, minmay_radiant
Lair:1:   layout_hall_layers, grunt_megastairs_4, serial_bayou_shore_b,
          uniq_nergalle

Skill      XL: |  1  2  3  4  5  6  7  8  9 10 11 |
---------------+----------------------------------+-----
Long Blades    | 3 4 5 6 8 11 13 14 | 14.0
Fighting       | 4 5 6 8 10 12 13 | 13.9
Shields        | 4 |  4.6
Armour         | 7 10 | 10.1
Throwing       | 3 |  3.9

Action                   |  1- 3 |  4- 6 |  7- 9 | 10-12 || total
-------------------------+-------+-------+-------+-------++-------
Melee: Long sword        |    93 |   254 |   323 |   507 ||  1177
       Short sword       |       |       |       |    49 ||    49
       Unarmed           |       |       |       |     5 ||     5
Throw: Dart              |     2 |     2 |     3 |       ||     7
       Javelin           |       |       |     3 |       ||     3
       Boomerang         |       |       |     9 |    35 ||    44
Invok: Berserk           |       |     1 |     6 |    11 ||    18
       Trog's Hand       |       |       |       |     1 ||     1
 Abil: Hop               |       |     1 |       |     5 ||     6
Evoke: Wand              |       |       |     1 |       ||     1
  Use: Scroll            |       |       |     8 |    14 ||    22
       Potion            |       |       |       |     1 ||     1
 Stab: Invisible         |       |       |       |     1 ||     1
Armor: Scale mail        |    37 |       |       |       ||    37
       Plate armour      |    16 |   183 |   186 |   273 ||   658
       Skin              |       |       |       |     1 ||     1
Dodge: Dodged            |    41 |    46 |    78 |   117 ||   282
Block: Buckler           |     9 |    76 |    65 |   112 ||   262
